 Dungeon Crawl Stone Soup version 0.30-a0-1018-g25214051b3 (webtiles) character file.

Game seed: 2942565891599349984

244 bearlyready the Chopper (level 5, -1/44 HPs)
             Began as an Armataur Berserker on Apr 7, 2023.
             Was a Believer of Trog.
             Slain by a scorpion (4 damage)
             ... on level 4 of the Dungeon.
             The game lasted 00:02:26 (2367 turns).

bearlyready the Chopper (Armataur Berserker)        Turns: 2367, Time: 00:02:27

Health: -1/44      AC:  7    Str: 25    XL:     5   Next: 83%
Magic:  5/5        EV:  9    Int:  7    God:    Trog [**....]
Gold:   86         SH:  0    Dex:  9    Spells: 4/4 levels left

rFire   . . .      SeeInvis .    a - +0 hand axe
rCold   . . .      Faith    .    (no shield)
rNeg    . . .      Spirit   .    f - +0 ring mail
rPois   .          Reflect  .    c - +0 helmet
rElec   .          Roll     +    (no cloak)
rCorr   .                        (no gloves)
Will    .....                    (no barding) Stlth
                                 l - amulet of regeneration
HPRegen 1.07/turn                (no ring)
MPRegen 0.09/turn                (no ring)

@: lethally poisoned (-1 -> -6), on berserk cooldown, slowed, very slow
A: large, rugged brown scales 3, deformed body, armoured tail, roll, long
tongue, awkward tongue
a: Renounce Religion, Berserk, Trog's Hand


You were on level 4 of the Dungeon.
You worshipped Trog.
Trog was pleased with you.
You visited 1 branch of the dungeon, and saw 4 of its levels.

You collected 86 gold pieces.

Inventory:

Hand Weapons
 a - a +0 hand axe (weapon)
Armour
 c - a +0 helmet (worn)
 f - a +0 ring mail (worn)
 n - a +0 hat
Jewellery
 l - an amulet of regeneration (around neck)
Scrolls
 d - a scroll of enchant armour {unknown}
 g - 3 scrolls of identify {unknown}
 p - a scroll of poison {unknown}
 q - a scroll of summoning {unknown}
 r - a scroll of teleportation {unknown}
Potions
 b - 2 potions of heal wounds {unknown}
 e - 6 potions of curing {unknown}
 h - 3 potions of haste {unknown}
 i - 2 potions of mutation {unknown}
 j - 2 potions of attraction {unknown}
 k - a potion of lignification {unknown}
 m - a potion of ambrosia {unknown}
 o - 2 potions of flight {unknown}
 s - a potion of brilliance {unknown}
 t - a potion of might {unknown}


   Skills:
 - Level 2.6 Fighting
 + Level 5.5 Axes
 - Level 2.4 Armour
 - Level 1.3 Dodging


You had 4 spell levels left.
You didn't know any spells.
Your spell library was empty.

Dungeon Overview and Level Annotations

Branches:
Dungeon (4/15)
 Temple: D:4-7

Altars:
Ru


Innate Abilities, Weirdness & Mutations

You are completely covered in rugged brown scales. (AC +3, +7% HP)
Armour fits poorly on your strangely shaped body.
You have a long armoured tail.
You roll when moving toward enemies. (Rampage)
Your long tongue fully drains potion bottles. (2x potion effects)
Your tongue gives you trouble enunciating. (1.5x scroll delay)


Message History

The scorpion stings you.
You are more poisoned.
The scorpion poisons you!
The scorpion stings you but does no damage.
You closely miss the scorpion.
Your tail-slap misses the scorpion.
You feel extremely sick. The scorpion stings you. x2
You are too injured to fight recklessly!
You are too injured to fight recklessly!
You are too injured to fight recklessly!
You are too injured to fight recklessly!
You are too injured to fight recklessly!
You are too injured to fight recklessly!
You are too injured to fight recklessly!
You are too injured to fight recklessly!
You are too injured to fight recklessly!
You are too injured to fight recklessly!
You are too injured to fight recklessly!
You hit the scorpion but do no damage.
Your tail-slap misses the scorpion.
You feel very sick. The scorpion barely misses you. x2
You barely miss the scorpion.
You feel very sick. The scorpion completely misses you.
The scorpion stings you but does no damage.
You hit the scorpion but do no damage.
You feel sick. The scorpion barely misses you. The scorpion stings you.
* * * LOW HITPOINT WARNING * * *
You're still recovering from your berserk rage.
You completely miss the scorpion.
Your tail-slap misses the scorpion.
You feel sick. The scorpion stings you.
* * * LOW HITPOINT WARNING * * *
You are lethally poisoned!
The scorpion poisons you!
The scorpion stings you but does no damage.
You hit the scorpion but do no damage.
* * * LOW HITPOINT WARNING * * *
You feel very sick. The scorpion stings you.
You die...

#.# #.#.#.#
#.#.#.#
#.#.#.#
#.#.#.######
#.#.#<.....#
#.#.#.####.#
#s#[#.#
#.@...#
###.### #.#
#.# #.# #.#
#.# #.. ###


You could see a scorpion.

Vanquished Creatures
  A phantom (D:4)
  8 gnolls
  4 adders
  4 worms (D:2)
  2 dart slugs
  3 ball pythons
  4 endoplasms
  2 giant cockroaches
  5 goblins
  2 hobgoblins
  6 kobolds
  2 quokkas (D:3)
  2 bats
  A frilled lizard (D:2)
  6 rats
52 creatures vanquished.

Notes
Turn   | Place    | Note
-------+----------+-------------------------------------------
     0 | D:1      | bearlyready the Armataur Berserker began the quest for the
                  | Orb.
     0 | D:1      | Reached XP level 1. HP: 19/19 MP: 1/1
   321 | D:1      | Reached skill level 3 in Axes
   321 | D:1      | Reached XP level 2. HP: 23/26 MP: 2/2
   906 | D:3      | Reached XP level 3. HP: 9/32 MP: 3/3
  1151 | D:3      | Reached ** piety under Trog
  1766 | D:3      | Reached skill level 4 in Axes
  1766 | D:3      | Reached XP level 4. HP: 36/39 MP: 4/4
  1880 | D:2      | Found a sacrificial altar of Ru.
  2012 | D:2      | Reached XP level 5. HP: 12/41 MP: 5/5
  2214 | D:2      | Reached skill level 5 in Axes
  2341 | D:4      | Noticed a phantom
  2345 | D:4      | Killed a phantom
  2367 | D:4      | Slain by a scorpion

Illustrated notes

Levels and vault maps discovered:
D:1:      dpeg_arrival_rhombi, layout_basic
D:2:      layout_basic, basic_altar
D:3:      layout_loops_ring
D:4:      layout_basic, nicolae_overflow_hidden_temple

Skill      XL: |  1  2  3  4  5 |
---------------+----------------+-----
Axes           | 3 4 5 |  5.5
Fighting       | |  2.6
Armour         | |  2.4
Dodging        | |  1.3

Action                     |  1- 3 |  4- 6 || total
---------------------------+-------+-------++-------
  Melee: Hand axe          |    99 |    57 ||   156
         Tailslap          |    13 |     6 ||    19
         Punch             |     1 |     1 ||     2
 Invoke: Berserk           |       |     3 ||     3
 Armour: Ring mail         |    49 |    29 ||    78
  Dodge: Dodged            |    40 |    17 ||    57

Table legend: (Time is in decaauts)
 A = Elapsed time spent in this place.
 B = Non-inter-level travel time spent in this place.
 C = Inter-level travel time spent in this place.
 D = Time resting spent in this place.
 E = Time spent auto-exploring this place.
 F = Levels seen in this place.
 G = Mean time per level.
                   A        B        C        D        E       F      G
               +--------+--------+--------+--------+--------+-----+--------+
         Total |   2401 |   2296 |    105 |      7 |   1900 |   4 |  600.2 |
       Dungeon |   2401 |   2296 |    105 |      7 |   1900 |   4 |  600.2 |
               +--------+--------+--------+--------+--------+-----+--------+

Top non-repeatable levels by time:
     D:3: 956 daAuts
     D:2: 714 daAuts
     D:1: 700 daAuts
     D:4: 30 daAuts
